 Dungeon Crawl Stone Soup version 0.32-a0-7-ge934b4519a (webtiles) character file.

Game seed: 12659787260687216996

23370 anacleto the Mimic (level 12, -3/171 HPs)
             Began as a Troll Shapeshifter on Jan 13, 2024.
             Was a Priest of the Shining One.
             Slain by an ettin
             ... wielding a +0 dire flail
              (24 damage)
             ... on level 1 of the Orcish Mines.
             The game lasted 00:42:17 (13864 turns).

anacleto the Mimic (Troll Shapeshifter)            Turns: 13864, Time: 00:42:19

Health: -3/171     AC: 26    Str: 32    XL:     12   Next: 71%
Magic:  13/15      EV:  1    Int:  8    God:    the Shining One [***...]
Gold:   1144       SH: 21    Dex:  9    Spells: 11/11 levels left

rFire   + .          .
                       - Unarmed
rCold   x . .        v - +0 tower shield
rNeg    + . .        i - melded +0 shadow dragon scales
rPois   +            (helmet currently unavailable)
rElec   .            (cloak currently unavailable)
rCorr   .            (gloves unavailable)
SInv    .            (boots unavailable)
Will    .....        L - amulet "Kasite" {rF+ rC- Regen+ Str+3 Int+2}
Stlth   +            (no ring)
HPRegen 2.08/turn    (no ring)
MPRegen 0.14/turn

%: no passive effects
@: divinely shielded, tree-form, glowing, studying Dodging
A: stationary, stasis, torment immunity, boosted hp, large, unfitting armour,
(claws 3), regeneration 1, (shaggy fur 1), (tough skin 1)
a: Renounce Religion, Divine Shield, Cleansing Flame


You were on level 1 of the Orcish Mines.
You worshipped the Shining One.
The Shining One was most pleased with you.
You were a tree.
You visited 3 branches of the dungeon, and saw 16 of its levels.
You also visited: Bailey.

You collected 1310 gold pieces.
You spent 166 gold pieces at shops.

Inventory:

Missiles
 q - 6 datura-tipped darts
 s - 22 boomerangs (quivered)
 t - 3 javelins
 A - 4 atropa-tipped darts
 C - 29 poisoned darts
Armour
 i - +0 shadow dragon scales (melded)
 v - a +0 tower shield (worn)
Jewellery
 L - the amulet "Kasite" (around neck) {rF+ rC- Regen+ Str+3 Int+2}
   (You acquired it in a bailey)

   [amulet of regeneration]

   Str+3:     It affects your strength (+3).
   Int+2:     It affects your intelligence (+2).
   rF+:       It protects you from fire.
   rC-:       It makes you vulnerable to cold.
   Regen+:    It increases your rate of health regeneration.
Talismans
 c - a beast talisman
 d - a flux talisman
 k - a blade talisman
 n - a maw talisman
Wands
 l - a wand of paralysis (26)
 D - a wand of mindburst (9)
 M - a wand of digging (5)
 N - a wand of roots (4)
Scrolls
 a - a scroll of revelation
 f - 9 scrolls of teleportation
 g - a scroll of noise
 o - a scroll of silence
 y - a scroll of fear
 z - 2 scrolls of enchant weapon
 B - a scroll of blinking
 F - a scroll of torment {unknown}
 G - 2 scrolls of enchant armour {unknown}
 H - 2 scrolls of fog {unknown}
 O - a scroll of brand weapon {unknown}
Potions
 b - a potion of lignification
 e - 7 potions of curing
 h - a potion of ambrosia
 j - 2 potions of attraction {unknown}
 p - 2 potions of haste {unknown}
 r - a potion of degeneration {unknown}
 u - a potion of resistance {unknown}
 w - a potion of brilliance {unknown}
 x - 3 potions of mutation
 E - a potion of enlightenment {unknown}
 I - 2 potions of berserk rage {unknown}
 J - a potion of invisibility {unknown}
 K - a potion of heal wounds {unknown}


   Skills:
 + Level 6.1 Fighting
 + Level 5.8 Throwing
 + Level 5.9 Armour
 * Level 8.6 Dodging
 + Level 6.5 Shields
 + Level 7.9 Unarmed Combat
 + Level 5.8 Invocations
 * Level 10.2 Shapeshifting


You had 11 spell levels left.
You didn't know any spells.
Your spell library contained the following spells:

 Spells                   Type           Power      Damage    Failure   Level
 Apportation              Tloc           0%         N/A       80%         1
 Necrotise                Necr           0%         1d4       80%         1
 Slow                     Hex            0%         N/A       80%         1
 Sting                    Conj/Alch      0%         1d3       80%         1
 Summon Small Mammal      Summ           0%         N/A       80%         1
 Confusing Touch          Hex            0%         N/A       99%         3
 Sigil of Binding         Hex            0%         N/A       99%         3
 Vampiric Draining        Necr           0%         2d6       99%         3
 Ignite Poison            Fire/Alch      0%         N/A       100%        4
 Sticky Flame             Fire/Alch      0%         2d4       100%        4
 Ignition                 Fire           0%         3d3       100%        8


Dungeon Overview and Level Annotations

Branches:
Dungeon (13/15)            Temple (1/1) D:4            Lair (0/5) D:9
    Orc (2/2) D:9             Elf (0/3) Orc:2        Vaults (0/5) D:13
 Bailey (visited)

Altars:
Ashenzari
Cheibriados
Dithmenos
Elyvilon
Fedhas
Gozag
Hepliaklqana
Kikubaaqudgha
Makhleb
Nemelex Xobeh
Okawaru
Qazlal
Ru
Sif Muna
Trog
Uskayaw
Vehumet
Wu Jian
Xom
Yredelemnul
Zin
The Shining One

Shops:
D:5 [   D:10 *

Annotations:
D:7 1 runed translucent door, Crazy Yiuf
Orc:1 2 transporters, Pedyestre's ghost, journeyman DsIE


Innate Abilities, Weirdness & Mutations

You are a tree.
Your roots penetrate the ground, keeping you stationary.
You cannot be teleported.
You are immune to unholy pain and torment.
Your maximum health is greatly increased.
Your equipment is partially melded.
You are too large for most types of armour.
((You have claws for hands.))
Your natural rate of healing is unusually fast.
((You are covered in fur. (AC +1)))
((You have tough skin. (AC +1)))


Message History

You block the ettin's attack.
The kobold blastminer shoots a bolt.
The bolt completely misses you.
There is a stone staircase leading up, spattered with blood here.
You block the ettin's attack. The ettin hits you but does no damage.
The kobold blastminer shoots a bolt.
The bolt hits you! The bolt burns you.
You climb upwards.
Level annotation: 2 transporters, Pedyestre's ghost, journeyman DsIE
There is a stone staircase leading down here.
Unknown command.
You claw the ettin!
The ettin is lightly wounded.
You block the ettin's attack.
The ettin hits you with a +0 dire flail!!
You scratch the ettin but do no damage.
The ettin is lightly wounded.
You block the ettin's attack. x2
You mangle the ettin!!
The ettin is heavily wounded.
You block the ettin's attack. The ettin hits you but does no damage.
You claw the ettin!
The ettin is severely wounded.
You block the ettin's attack.
The ettin hits you with a +0 dire flail!!
* * * LOW HITPOINT WARNING * * *
You scratch the ettin but do no damage.
The ettin is heavily wounded.
You block the ettin's attack. The ettin hits you but does no damage.
You claw the ettin!
The ettin is severely wounded.
The ettin hits you with a +0 dire flail!!
* * * LOW HITPOINT WARNING * * *
You block the ettin's attack.
Your transformation has ended.
You turn into a tree.
Your +0 shadow dragon scales melds into your body.
Your roots penetrate the ground.
The ettin hits you with a +0 dire flail!
* * * LOW HITPOINT WARNING * * *
The ettin hits you with a +0 dire flail!!
You die...

###......#......## ##...
##.#......#...#o..# ###....
#.....#..)....##..#### #.#....
###..###......##......# #...###
#.....####.)######....# #..####
#.....##......# #....## ##....#
##...........[###....# ##..##
####......#...C....########.).#
#..........♣..#.......##.#..
##........#.............###.
#...##...##....#####....###
######.......###O©.###..##
#.......####.#...##..#
#.......#.####....#..##
#......##..# #....##..#
#......#o..#?:.....#..#
##.#..©#....!_....O#©.#


You could see an ettin.

Vanquished Creatures
  2 orc warlords
  Erolcha (D:9)
  2 two-headed ogres (D:9)
  2 boulder beetles (D:11)
  A tengu warrior (D:12)
  3 skeletal warriors
  2 orc knights (Orc:1)
  A manticore (D:11)
  An ugly thing (D:11)
  A kobold blastminer (Orc:2)
  Joseph (D:10)
  A gargoyle (D:10)
  A kobold demonologist (D:10)
  Maggie (D:7)
  A tengu conjurer (D:11)
  8 trolls
  3 shadows
  2 vampires (D:12)
  4 wraiths
  A wyvern (D:9)
  7 yaks
  A warg (Orc:1)
  4 vampire mosquitoes
  An acid dragon (D:12)
  33 orc warriors
  2 black bears
  10 ogres
  10 centaurs
  2 kobold brigands
  A bullfrog (D:9)
  A gnoll sergeant (D:9)
  4 scorpions
  14 wights
  10 killer bees
  3 howler monkeys
  A jelly (D:7)
  A bombardier beetle (D:5)
  16 orc priests
  5 hounds
  7 iguanas
  16 orc wizards
  2 sleepcaps
  12 gnolls
  11 adders
  A shadow imp (D:4)
  2 ufetubi (D:5)
  2 ribbon worms
  3 dart slugs
  93 orcs
  5 ball pythons
  4 endoplasms
  4 giant cockroaches
  31 goblins
  15 hobgoblins
  17 kobolds
  5 quokkas
  3 bats
  5 frilled lizards
  4 rats
407 creatures vanquished.

Notes
Turn   | Place    | Note
-------+----------+-------------------------------------------
     0 | D:1      | anacleto the Troll Shapeshifter began the quest for the
                  | Orb.
     0 | D:1      | Reached XP level 1. HP: 18/18 MP: 0/0
   154 | D:1      | Reached XP level 2. HP: 26/26 MP: 1/1
   553 | D:1      | Found a faded altar of an unknown god.
   943 | D:2      | Reached XP level 3. HP: 32/32 MP: 2/2
   972 | D:2      | Reached skill level 1 in Fighting
   977 | D:2      | Reached skill level 4 in Shapeshifting
  1567 | D:3      | Reached XP level 4. HP: 41/41 MP: 3/3
  1775 | D:3      | Reached skill level 1 in Armour
  1775 | D:3      | Reached skill level 1 in Shields
  1777 | D:3      | Reached XP level 5. HP: 34/48 MP: 4/4
  2558 | D:4      | Reached XP level 6. HP: 57/57 MP: 5/5
  2735 | D:4      | Identified the +0 chain mail of the Immovable Eyes {Will+
                  | Regen+}
  2819 | D:4      | Found a staircase to the Ecumenical Temple.
  2841 | Temple   | Entered the Ecumenical Temple
  3017 | Temple   | Became a worshipper of the Shining One
  3146 | D:4      | Reached skill level 5 in Shapeshifting
  3238 | D:4      | Found a glowing silver altar of Zin.
  3248 | D:4      | Found a white marble altar of Elyvilon.
  3252 | D:4      | Found a stormy altar of Qazlal.
  3296 | D:5      | Entered Level 5 of the Dungeon
  3296 | D:5      | Noticed a yak
  3305 | D:5      | Killed a yak
  3306 | D:5      | Reached XP level 7. HP: 52/65 MP: 6/6
  3408 | D:5      | Found Tatin's Armour Emporium.
  3414 | D:5      | Bought a +0 tower shield for 54 gold pieces
  3837 | D:5      | Reached skill level 1 in Throwing
  3837 | D:5      | Reached XP level 8. HP: 47/74 MP: 7/7
  3875 | D:5      | Reached skill level 1 in Invocations
  3918 | D:6      | Reached * piety under the Shining One
  4043 | D:6      | Reached skill level 6 in Shapeshifting
  4980 | D:7      | Reached skill level 5 in Unarmed Combat
  4983 | D:7      | Reached XP level 9. HP: 72/83 MP: 9/9
  5103 | D:7      | Found an ornate altar of the Wu Jian Council.
  5227 | D:7      | Noticed Maggie
  5234 | D:7      | Killed Maggie
  5600 | D:7      | Found a runed translucent door.
  5601 | D:7      | Noticed Crazy Yiuf
  5999 | D:8      | Reached skill level 7 in Shapeshifting
  6102 | D:8      | Reached ** piety under the Shining One
  6303 | D:9      | Noticed Erolcha
  6307 | D:9      | Killed Erolcha
  6308 | D:9      | Reached XP level 10. HP: 93/93 MP: 11/11
  6436 | D:9      | Found a flagged portal.
  6460 | D:9      | Found a staircase to the Lair.
  6462 | Bailey   | Entered a bailey
  6891 | Bailey   | Noticed an orc warlord
  7057 | Bailey   | Killed an orc warlord
  7058 | Bailey   | Reached skill level 8 in Shapeshifting
  7206 | Bailey   | Identified the staff of Naeb {^Contam rPois Necro Tloc Fire
                  | Alchemy}
  7210 | Bailey   | Acquired the amulet "Kasite" {rF+ rC- Regen+ Str+3 Int+2}
  7255 | D:9      | Identified the +7 longbow of Duty {freeze, rN+ MP+9 Int+3}
  7382 | D:9      | Noticed a two-headed ogre
  7397 | D:9      | Killed a two-headed ogre
  7454 | D:9      | Noticed a skeletal warrior
  7457 | D:9      | Identified the +8 whip of Noebocw {antimagic, Will++}
  7468 | D:9      | Noticed a skeletal warrior
  7762 | D:8      | Killed a skeletal warrior
  7763 | D:8      | Reached skill level 5 in Shields
  7862 | D:8      | Killed a skeletal warrior
  7863 | D:8      | Reached skill level 5 in Fighting
  7863 | D:8      | Reached skill level 5 in Dodging
  7863 | D:8      | Reached XP level 11. HP: 94/102 MP: 13/13
  7951 | D:9      | Noticed a skeletal warrior
  7968 | D:9      | Killed a skeletal warrior
  8328 | D:9      | Acquired a manual of Dodging
  8340 | D:9      | Found a staircase to the Orcish Mines.
  8425 | D:10     | Entered Level 10 of the Dungeon
  8806 | D:10     | Noticed Joseph
  8822 | D:10     | Killed Joseph
  9034 | D:10     | Reached skill level 5 in Armour
  9256 | D:10     | Found Zaaxt's General Store.
  9264 | D:10     | Bought a scroll of revelation for 112 gold pieces
  9846 | D:10     | Reached skill level 9 in Shapeshifting
  9907 | D:11     | Noticed a boulder beetle
  9919 | D:11     | Killed a boulder beetle
  9939 | D:11     | Reached skill level 5 in Invocations
 10085 | D:11     | Reached skill level 5 in Throwing
 10377 | D:12     | Found a blossoming altar of Fedhas.
 10399 | D:12     | Reached *** piety under the Shining One
 10508 | D:12     | Noticed a boulder beetle
 10656 | D:11     | Killed a boulder beetle
 10726 | D:12     | Reached XP level 12. HP: 111/111 MP: 14/14
 11076 | D:12     | Noticed a tengu warrior
 11328 | D:12     | Killed a tengu warrior
 11714 | D:13     | Found a gate to the Vaults.
 11714 | D:13     | Noticed a vault guard
 11714 | D:13     | Noticed a vault guard
 11714 | D:13     | Noticed a vault guard
 11714 | D:13     | Noticed a vault guard
 11714 | D:13     | Noticed a vault guard
 11788 | Orc:1    | Entered Level 1 of the Orcish Mines
 11803 | Orc:1    | Noticed an orc warlord
 11969 | D:9      | Killed an orc warlord
 12270 | Orc:1    | Noticed a two-headed ogre
 12431 | D:9      | Killed a two-headed ogre
 12742 | Orc:2    | Entered Level 2 of the Orcish Mines
 12774 | Orc:1    | Reached skill level 10 in Shapeshifting
 13178 | Orc:2    | Found a staircase to the Elven Halls.
 13306 | Orc:1    | Found a transporter.
 13309 | Orc:1    | Noticed a two-headed ogre
 13309 | Orc:1    | Noticed Pedyestre's ghost (journeyman DsIE)
 13345 | Orc:1    | Noticed a two-headed ogre
 13644 | Orc:1    | Found a bloodstained altar of Trog.
 13663 | Orc:1    | Found a transporter.
 13823 | Orc:2    | Noticed an ettin
 13864 | Orc:1    | Slain by an ettin

Illustrated notes

Levels and vault maps discovered:
D:1:      lemuel_arrival_tunnels, layout_basic,
          shapermc_ecumenical_altar_notcrosses
D:2:      minmay_diamond_boxcup, layout_basic, minmay_pentomino_q2, uniq_terence
D:3:      layout_basic, grunt_ministairs_3, amcnicky_mini_pool_small
D:4:      layout_basic, minmay_overflow_temple_star_quad,
          minmay_temple_entry_sparse_star
D:5:      layout_basic, serial_shops, nicolae_stop_n_shop_1, st_stairs_8,
          kennysheep_generic_room_3
D:6:      layout_rooms
D:7:      layout_basic, nzn_wu_jian_contemplation, hangedman_decor_riveting,
          uniq_maggie, uniq_crazy_yiuf_cottage
D:8:      layout_basic
D:9:      layout_loops_ring, lair_entry_dummy, hiddenorc1_lemuel, special_room
          [special_room_orc], enter_bailey_5, uniq_erolcha
D:10:     layout_grid_maze, serial_shops, shop, uniq_joseph
D:11:     layout_cave_pools
D:12:     layout_basic, fedhas_altar_1
D:13:     layout_big_octagon, erik_vaults_2
Temple:   dpeg_five_rooms_temple
Orc:1:    layout_diamond_mine, gammafunk_ghost_wrathful_warriors
Orc:2:    st_orc_rangers, layout_diamond_mine, minmay_orc_temple_b

Skill      XL: |  1  2  3  4  5  6  7  8  9 10 11 12 |
---------------+-------------------------------------+-----
Fighting       | 1 2 3 4 5 6 |  6.1
Shapeshifting  | 4 5 6 7 8 9 10 | 10.2
Armour         | 1 2 3 4 5 |  5.9
Shields        | 1 2 3 4 5 6 |  6.5
Dodging        | 2 3 4 5 7 8 |  8.6
Unarmed Combat | 4 5 6 7 |  7.9
Throwing       | 1 2 3 4 5 |  5.8
Invocations    | 2 3 4 5 |  5.8

Action                     |  1- 3 |  4- 6 |  7- 9 | 10-12 || total
---------------------------+-------+-------+-------+-------++-------
  Melee: Unarmed           |    80 |   134 |   231 |   710 ||  1155
  Throw: Boomerang         |       |       |     1 |    45 ||    46
         Dart              |       |       |     1 |    30 ||    31
 Invoke: Divine Shield     |       |       |       |    15 ||    15
  Evoke: Wand              |       |       |     9 |    15 ||    24
    Use: Scroll            |       |       |     7 |    16 ||    23
         Potion            |       |       |     1 |     4 ||     5
   Stab: Sleeping          |     4 |     2 |       |       ||     6
 Armour: Animal skin       |    13 |       |       |       ||    13
         Shadow dragon sca |    39 |    91 |   167 |   556 ||   853
         Skin              |       |       |       |     6 ||     6
  Dodge: Dodged            |    17 |    32 |    37 |   162 ||   248
  Block: Kite shield       |    16 |    44 |     3 |       ||    63
         Tower shield      |       |       |   146 |   728 ||   874

Table legend: (Time is in decaauts)
 A = Elapsed time spent in this place.
 B = Non-inter-level travel time spent in this place.
 C = Inter-level travel time spent in this place.
 D = Time resting spent in this place.
 E = Time spent auto-exploring this place.
 F = Levels seen in this place.
 G = Mean time per level.
                   A        B        C        D        E       F      G
               +--------+--------+--------+--------+--------+-----+--------+
         Total |  14035 |  13319 |    716 |   2516 |   6717 |  17 |  825.6 |
       Dungeon |  11673 |  11032 |    641 |   1708 |   6320 |  13 |  897.9 |
        Temple |    207 |    176 |     31 |      0 |      0 |   1 |  207.0 |
  Orcish Mines |   1353 |   1309 |     44 |    602 |    279 |   2 |  676.5 |
        Bailey |    801 |    801 |      0 |    206 |    118 |   1 |  801.0 |
               +--------+--------+--------+--------+--------+-----+--------+

Top non-repeatable levels by time:
     D:9: 1934 daAuts
    D:11: 1376 daAuts
    D:10: 1281 daAuts
     D:7: 1007 daAuts
     D:5: 942 daAuts
   Orc:1: 929 daAuts
     D:3: 917 daAuts
  Bailey: 801 daAuts
     D:1: 800 daAuts
     D:8: 771 daAuts
     D:2: 760 daAuts
     D:4: 747 daAuts
    D:12: 551 daAuts
     D:6: 542 daAuts
   Orc:2: 423 daAuts
